Cogmind - Beta 9.6 *** ADVENTURER MODE // 2020.06.04 @ 03:40:45 Player: Haraguro Result: Destroyed by G-73 Enforcer with Phase Gun Performance ------------- Evolutions (9) 4500 Regions Visited (14) 2800 Robots Destroyed (34) 170 Value Destroyed (872) 872 Prototype IDs (17) 340 Alien Tech Used (0) 0 Bonus (127) 127 TOTAL SCORE: 8809 Bonus ------- High Alert Combat Kills 13 Follower Combat Kills 114 Cogmind --------- Core Integrity 0/1600 Matter 82/300 Energy 100/100 System Corruption 6% Temperature Cool (0) Movement Core (50) Location -1/Access Parts ------- > --- POWER (4) -------- (None) > --- PROPULSION (6) --- (None) > --- UTILITY (13) ----- Advanced Visual Processing Unit > --- WEAPON (2) ------- (None) > --- INVENTORY (4) ---- Compact Battery (300) Peak State ------------ > --- POWER ------------ Quantum Reactor Quantum Reactor > --- PROPULSION ------- Cooled VTOL Module Impulse Thruster Impulse Thruster Impulse Thruster Improved Diametric Drive > --- UTILITY ---------- Advanced Coolant Injector Experimental Coolant Injector Advanced Visual Processing Unit Enhanced Optical Array Enhanced Optical Array Enhanced Optical Array Advanced Terrain Scan Processor Stasis Canceller Advanced Hacking Suite > --- WEAPON ----------- Enhanced Quantum Rifle > --- INVENTORY -------- Heavy Disruptor Cannon [Rating: 112] Favorites ----------- Power Improved Deuterium Engine Engine Improved Deuterium Engine Power Core Micro Fission Core Reactor Quantum Reactor Propulsion Cooled VTOL Module Leg Aluminum Leg Wheel Compact Wheel Flight Unit Cooled VTOL Module Utility Enhanced Optical Array Device Weight Redist. System Storage Small Storage Unit Processor Enhanced Optical Array Hackware Advanced Hacking Suite Weapon Assault Rifle Energy Gun Enhanced Quantum Rifle Ballistic Gun Assault Rifle Launcher Missile Launcher Special Melee Weapon Improved Datajack Build | -11 -10 -9 -9 -8 -7 -6 -6 -6 -5 -4 -3 -2 -2 -1 ------- Run | Scr Mat Mat Min Mat Fac Fac Ext Cet Fac Fac Res Res Tes Acc Slots Evolved 18 | . . 2 . 2 2 2 . . 2 2 2 2 . 2 Power 3 | . . . . 1 . . . . . . . 1 . 1 Propulsion 4 | . . . . 1 . 1 . . . . . 1 . 1 Utility 11 | . . 2 . . 2 1 . . 2 2 2 . . . Weapon . | . . . . . . . . . . . . . . . Parts Attached 112 | 8 1 6 2 10 24 15 4 . 6 6 15 1 . 14 Power 26 | 2 . 1 1 3 7 3 . . 2 . 3 . . 4 Engine 17 | 2 . 1 1 3 6 2 . . 1 . 1 . . . Core 4 | . . . . . 1 1 . . 1 . 1 . . . Reactor 5 | . . . . . . . . . . . 1 . . 4 Propulsion 26 | 3 . . . 4 5 2 1 . . . 4 . . 7 Treads . | . . . . . . . . . . . . . . . Leg 1 | 1 . . . . . . . . . . . . . . Wheel 3 | 2 . . . . . . . . . . . . . 1 Hover . | . . . . . . . . . . . . . . . Flight 22 | . . . . 4 5 2 1 . . . 4 . . 6 Utility 44 | 1 1 4 . 2 7 8 2 . 4 5 7 . . 3 Device 32 | . 1 3 . 1 3 7 2 . 3 4 5 . . 3 Storage 1 | 1 . . . . . . . . . . . . . . Processor 8 | . . 1 . 1 2 1 . . 1 . 2 . . . Hackware 3 | . . . . . 2 . . . . 1 . . . . Protection . | . . . . . . . . . . . . . . . Artifact . | . . . . . . . . . . . . . . . Weapon 16 | 2 . 1 1 1 5 2 1 . . 1 1 1 . . Energy Gun 4 | 1 . . . . 1 . 1 . . . . 1 . . Energy Cannon . | . . . . . . . . . . . . . . . Ballistic Gun 4 | 1 . 1 1 1 . . . . . . . . . . Ballistic Cannon . | . . . . . . . . . . . . . . . Launcher 5 | . . . . . 4 1 . . . . . . . . Special Weapon . | . . . . . . . . . . . . . . . Impact Weapon . | . . . . . . . . . . . . . . . Slashing Weapon . | . . . . . . . . . . . . . . . Piercing Weapon . | . . . . . . . . . . . . . . . Special Melee Weapon 3 | . . . . . . 1 . . . 1 1 . . . Unidentified Prototypes 5 | . . . . . 1 1 . . . . 3 . . . Parts Lost 53 | . . 1 . 2 8 1 2 1 . 1 16 . . 21 Power 10 | . . . . . 2 . . . . . 5 . . 3 Propulsion 17 | . . . . 2 1 . 1 . . . 4 . . 9 Utility 21 | . . . . . 3 . 1 1 . 1 6 . . 9 Weapon 5 | . . 1 . . 2 1 . . . . 1 . . . Highest Loss Streak 15 | . . 1 . 2 4 1 2 1 . 1 15 . . 10 Average Slot Usage (%) 74 | . 89 96 100 91 74 82 91 93 88 90 60 47 47 41 Engine 6 | . 14 11 11 16 6 9 6 6 5 5 1 . . . Wheel 4 | . 28 22 22 . . . . . . . . . . . Flight 14 | . . . . 20 21 25 26 26 23 21 13 8 8 10 Device 16 | . 3 29 22 18 24 12 20 26 27 30 13 8 8 6 Storage 5 | . 14 11 11 9 7 6 4 . . . . . . . Processor 14 | . . . 11 9 7 20 20 20 19 21 22 21 21 17 Hackware 2 | . . . . . 1 5 . . . 3 4 4 4 3 Energy Gun 1 | . 14 8 . . . . . . . . . 4 4 1 Ballistic Gun 5 | . 14 12 22 18 3 . . . . . . . . . Naked Turns . | . . . . . . . . . . . . . . . Heaviest Build 51 | 12 13 14 12 19 21 26 26 22 25 27 25 7 7 51 Greatest Support 46 | 32 32 38 38 18 23 28 28 26 26 26 28 14 14 46 Greatest Overweight (x) 8 | 1 . . . 1 1 1 . . . 1 1 2 2 8 Average Overweight (x) . | . . . . . . . . . . . . . . . Largest Inventory Capacity 6 | 6 6 6 6 6 6 6 6 4 4 4 4 4 4 4 Average Capacity 5 | 5 6 6 6 6 6 6 5 4 4 4 4 4 4 4 Most Carried 6 | 3 5 6 6 6 6 6 6 4 4 4 4 4 4 4 Average Carried 4 | 1 3 5 6 5 5 5 5 4 3 3 2 3 4 2 Final Capacity 6 | 6 6 6 6 6 6 6 4 4 4 4 4 4 4 4 Final Carried 6 | 3 5 6 6 6 6 6 4 4 4 4 3 4 4 1 Class Distribution -------------------- 28% | Mutant 23% | Hacker-Sprinter 15% | Hacker-Scout 12% | Scavenger-Mutant 10% | Hacker-Mutant 6% | Scout 3% | Sprinter Dominant Class ---------------- Mutant | -10/Materials Mutant | -9/Materials Mutant | -9/Mines Scavenger-Mutant | -8/Materials Mutant | -7/Factory Hacker-Scout | -6/Factory Scout | -6/Extension Scout | -6/Cetus Scout | -5/Factory Hacker-Scout | -4/Factory Hacker-Sprinter | -3/Research Hacker-Sprinter | -2/Research Hacker-Sprinter | -2/Testing Hacker-Sprinter | -1/Access Resources | -11 -10 -9 -9 -8 -7 -6 -6 -6 -5 -4 -3 -2 -2 -1 ----------- Run | Scr Mat Mat Min Mat Fac Fac Ext Cet Fac Fac Res Res Tes Acc Matter Collected 1269 | 107 114 220 43 123 194 184 158 . . . 77 . . 49 Remotely . | . . . . . . . . . . . . . . . Salvage Created 853 | . 114 226 43 146 275 . . . . . . . . 49 Parts 64 | . 7 18 6 10 20 . . . . . . . . 3 Haulers Intercepted . | . . . . . . . . . . . . . . . Recyclers Shooed . | . . . . . . . . . . . . . . . Parts Field Recycled . | . . . . . . . . . . . . . . . Retrieved Matter . | . . . . . . . . . . . . . . . Parts Self-Destructed . | . . . . . . . . . . . . . . . Prevented . | . . . . . . . . . . . . . . . Kills | -11 -10 -9 -9 -8 -7 -6 -6 -6 -5 -4 -3 -2 -2 -1 ------- Run | Scr Mat Mat Min Mat Fac Fac Ext Cet Fac Fac Res Res Tes Acc Combat Hostiles Destroyed 28 | . 3 8 3 4 10 . . . . . . . . . Guns 18 | . 3 8 3 4 . . . . . . . . . . AOE 10 | . . . . . 10 . . . . . . . . . Classes Destroyed 6 | . 1 3 . . 2 . . . . . . . . . Worker 5 | . . . . . 3 . . . . . . . . 2 Watcher 1 | . . 1 . . . . . . . . . . . . Swarmer 17 | . . 5 3 2 7 . . . . . . . . . Grunt 5 | . 3 1 . . 1 . . . . . . . . . Sentry 5 | . . 2 . 2 1 . . . . . . . . . Hunter 1 | . . . . . 1 . . . . . . . . . Best Kill Streak 7 | . 3 4 3 2 7 . . . . . . . . 1 Combat Bots Only 5 | . 3 4 3 2 5 . . . . . . . . . Max Kills in Single Turn 3 | . 1 1 1 2 3 . . . . . . . . 1 Gunslinging 1 | . . . . 1 . . . . . . . . . . Exploded 2 | . . . . . 2 . . . . . . . . . Melee . | . . . . . . . . . . . . . . . Uniques/NPCs Destroyed . | . . . . . . . . . . . . . . . Combat | -11 -10 -9 -9 -8 -7 -6 -6 -6 -5 -4 -3 -2 -2 -1 -------- Run | Scr Mat Mat Min Mat Fac Fac Ext Cet Fac Fac Res Res Tes Acc Damage Taken 6853 | . 75 283 53 309 773 81 322 45 . 161 1784 . 93 2874 Core 3176 | . 25 79 5 31 230 4 144 22 . . 975 . 56 1605 Absorbed by Shields 211 | . . . . . 6 . . . . . 100 . . 105 Core Remaining (%) 83 | 100 90 . 79 94 67 . . 80 100 100 25 . 96 . Volleys Fired 71 | . 8 22 5 16 13 2 . . . . . . . 5 Largest 2 | . 2 2 2 2 2 1 . . . . . . . 1 Hottest 94 | . 60 60 40 40 69 36 . . . . . . . 94 Shots Fired 120 | . 16 41 10 32 14 2 . . . . . . . 5 Gun 107 | . 16 41 10 32 3 . . . . . . . . 5 Cannon . | . . . . . . . . . . . . . . . Launcher 13 | . . . . . 11 2 . . . . . . . . Special . | . . . . . . . . . . . . . . . Kinetic 76 | . 8 24 10 32 2 . . . . . . . . . Thermal 31 | . 8 17 . . 1 . . . . . . . . 5 Explosive 13 | . . . . . 11 2 . . . . . . . . Electromagnetic . | . . . . . . . . . . . . . . . Robot Hit Streak 24 | . 10 24 8 17 7 9 . . . . . . . 10 Robot Miss Streak 2 | . 1 2 1 1 1 . . . . . . . . 1 Penetration Max . | . . . . . . . . . . . . . . . Secondary Targets 6 | . . 3 1 2 . . . . . . . . . . Max Gunslinging Chain 1 | . . 1 1 1 . . . . . . . . . . Shots Hit Robots 98 | . 14 30 7 26 7 2 4 . 2 3 . . . 3 Core Hits 68 | . 6 12 3 9 31 . . . . . . . . 7 Critical Hits 1 | . . 1 . . . . . . . . . . . . Critical Kills . | . . . . . . . . . . . . . . . Critical Parts Destroyed 1 | . . 1 . . . . . . . . . . . . Melee Attacks 9 | . . . . . . . 4 . 2 3 . . . . Impact . | . . . . . . . . . . . . . . . Slashing . | . . . . . . . . . . . . . . . Piercing . | . . . . . . . . . . . . . . . Sneak Attacks 8 | . . . . . . . 3 . 2 3 . . . . Combat Hostiles 2 | . . . . . . . 2 . . . . . . . Follow-up Attacks . | . . . . . . . . . . . . . . . Damage Inflicted 1995 | . 166 361 71 220 968 75 . . . . . 1 . 133 Guns 899 | . 166 346 71 217 10 . . . . . . . . 89 Cannons . | . . . . . . . . . . . . . . . Explosions 1033 | . . . . . 958 75 . . . . . . . . Melee . | . . . . . . . . . . . . . . . Ramming 63 | . . 15 . 3 . . . . . . . 1 . 44 Kinetic 563 | . 86 179 71 217 10 . . . . . . . . . Thermal 336 | . 80 167 . . . . . . . . . . . 89 Explosive 771 | . . . . . 696 75 . . . . . . . . Electromagnetic 262 | . . . . . 262 . . . . . . . . . Impact . | . . . . . . . . . . . . . . . Slashing . | . . . . . . . . . . . . . . . Piercing . | . . . . . . . . . . . . . . . Highest Corruption 4 | . . . . . . 1 1 1 . . 4 . 1 4 Average Corruption 2 | . . . . . . 1 1 1 . . 2 . 1 3 Corruption Purged . | . . . . . . . . . . . . . . . Effects 5 | . . . . . . . 1 . . . 3 . . 1 Message Errors 4 | . . . . . . . . . . . 3 . . 1 Energy Discharges 1 | . . . . . . . 1 . . . . . . . Overload Shots . | . . . . . . . . . . . . . . . Overflow Damage 35 | . . . . . 35 . . . . . . . . . Projectiles . | . . . . . . . . . . . . . . . Explosions 35 | . . . . . 35 . . . . . . . . . Melee . | . . . . . . . . . . . . . . . Knockbacks . | . . . . . . . . . . . . . . . Impact . | . . . . . . . . . . . . . . . Kinetic . | . . . . . . . . . . . . . . . Secondary . | . . . . . . . . . . . . . . . Self-Inflicted Damage 144 | . . 7 . 1 104 14 . . . . . . . 18 Shots 5 | . . . . . 4 1 . . . . . . . . Rammed 19 | . . 1 . 1 . . . . . . . 1 1 15 Targets Rammed 19 | . . 1 . 1 . . . . . . . 1 1 15 Kicked . | . . . . . . . . . . . . . . . Crushed . | . . . . . . . . . . . . . . . Highest Temperature 84 | . 42 26 . 26 16 . 15 12 2 5 3 . . 84 Average Temperature 17 | . 22 13 . 7 11 . 5 5 2 3 3 . . 33 Received Heat Transfer 822 | . 54 99 . 135 54 . 105 36 . 9 . . . 330 Siege Activations . | . . . . . . . . . . . . . . . Robots Corrupted . | . . . . . . . . . . . . . . . Combat Hostiles . | . . . . . . . . . . . . . . . Parts Fried . | . . . . . . . . . . . . . . . Impact Corruptions . | . . . . . . . . . . . . . . . Robots Melted . | . . . . . . . . . . . . . . . Combat Hostiles . | . . . . . . . . . . . . . . . Parts Melted . | . . . . . . . . . . . . . . . Heat Transferred 661 | . 175 375 . . . . . . . . . . . 111 Parts Sabotaged . | . . . . . . . . . . . . . . . Parts Stolen . | . . . . . . . . . . . . . . . Parts Stripped . | . . . . . . . . . . . . . . . Power Chain Reactions 2 | . . . . . 2 . . . . . . . . . Missiles Intercepted . | . . . . . . . . . . . . . . . Alert | -11 -10 -9 -9 -8 -7 -6 -6 -6 -5 -4 -3 -2 -2 -1 ------- Run | Scr Mat Mat Min Mat Fac Fac Ext Cet Fac Fac Res Res Tes Acc Peak Influence 443 | . 70 319 190 318 443 122 190 95 132 194 133 67 62 115 Average Influence 101 | . 36 174 116 203 127 90 113 86 86 103 88 52 41 58 Maximum Alert Level 2 | . . 1 . 1 2 . . . . . . . . . Low Security (%) 87 | 100 100 59 100 48 64 100 100 100 100 100 100 100 100 100 Level 1 11 | . . 40 . 51 33 . . . . . . . . . Level 2 . | . . . . . 1 . . . . . . . . . Level 3 . | . . . . . . . . . . . . . . . Level 4 . | . . . . . . . . . . . . . . . Level 5 . | . . . . . . . . . . . . . . . High Security . | . . . . . . . . . . . . . . . Max Security . | . . . . . . . . . . . . . . . Squads Dispatched 13 | . 1 2 . 3 2 1 1 . 1 1 . . . 1 Investigation 4 | . 1 . . 1 . . 1 . 1 . . . . . Extermination 1 | . . . . . . . . . . . . . . 1 Reinforcement 8 | . . 2 . 2 2 1 . . . 1 . . . . Assault . | . . . . . . . . . . . . . . . Garrison . | . . . . . . . . . . . . . . . Intercept . | . . . . . . . . . . . . . . . Construction Impeded . | . . . . . . . . . . . . . . . Haulers Reinforced . | . . . . . . . . . . . . . . . Stealth | -11 -10 -9 -9 -8 -7 -6 -6 -6 -5 -4 -3 -2 -2 -1 --------- Run | Scr Mat Mat Min Mat Fac Fac Ext Cet Fac Fac Res Res Tes Acc Distress Signals 15 | . . 2 . 4 2 . 1 1 1 1 2 . . 1 Communications Jammed . | . . . . . . . . . . . . . . . Distress Signals . | . . . . . . . . . . . . . . . Times Spotted 248 | . 4 20 3 24 28 3 27 8 7 14 43 . 4 63 Peak Tracking Total 18 | . 4 7 3 15 7 2 14 8 7 13 14 . 4 18 Tactical Retreats 39 | . . 2 . 4 5 . 4 . . 1 8 . . 15 Traps | -11 -10 -9 -9 -8 -7 -6 -6 -6 -5 -4 -3 -2 -2 -1 ------- Run | Scr Mat Mat Min Mat Fac Fac Ext Cet Fac Fac Res Res Tes Acc Traps Triggered 7 | . 1 . . . 3 . . . . . 2 . . 1 Indirectly 2 | . . . . . 2 . . . . . . . . . Trap Hack Attempts . | . . . . . . . . . . . . . . . Triggered . | . . . . . . . . . . . . . . . Disarmed 6 | . . . . 6 . . . . . . . . . . Reprogrammed 4 | . . . . 4 . . . . . . . . . . Reused 1 | . . . . 1 . . . . . . . . . . Traps Extracted . | . . . . . . . . . . . . . . . Installed . | . . . . . . . . . . . . . . . Triggered 1 | . . . . 1 . . . . . . . . . . Machines | -11 -10 -9 -9 -8 -7 -6 -6 -6 -5 -4 -3 -2 -2 -1 ---------- Run | Scr Mat Mat Min Mat Fac Fac Ext Cet Fac Fac Res Res Tes Acc Machines Disabled 9 | . . . . . 9 . . . . . . . . . Max in Single Turn 4 | . . . . . 4 . . . . . . . . . Energy Cycler 1 | . . . . . . . . . . . . . . 1 Machines Sabotaged . | . . . . . . . . . . . . . . . Garrisons Compromised . | . . . . . . . . . . . . . . . Overloaded Fab Kills . | . . . . . . . . . . . . . . . Fab Network Shutdowns . | . . . . . . . . . . . . . . . Hacking | -11 -10 -9 -9 -8 -7 -6 -6 -6 -5 -4 -3 -2 -2 -1 --------- Run | Scr Mat Mat Min Mat Fac Fac Ext Cet Fac Fac Res Res Tes Acc Machines Accessed 30 | . 1 1 . 3 5 5 5 . 4 2 1 1 1 1 Terminals 19 | . . 1 . 2 4 2 5 . 1 2 . . 1 1 Fabricators 4 | . . . . . 1 3 . . . . . . . . Repair Stations . | . . . . . . . . . . . . . . . Recycling Units 2 | . 1 . . . . . . . . . . 1 . . Scanalyzers 3 | . . . . 1 . . . . 1 . 1 . . . Garrison Access 2 | . . . . . . . . . 2 . . . . . Total Hacks 72 | . 1 2 . 20 11 6 10 . 9 5 1 3 2 2 Successful 48 | . 1 1 . 18 6 5 8 . 3 3 . 1 1 1 Failed 24 | . . 1 . 2 5 1 2 . 6 2 1 2 1 1 Catastrophic 4 | . . . . . 2 . . . 1 1 . . . . Database Lockouts . | . . . . . . . . . . . . . . . Manual . | . . . . . . . . . . . . . . . Terminals 43 | . . 2 . 8 9 2 10 . 3 5 . . 2 2 Fabricators 6 | . . . . . 2 4 . . . . . . . . Repair Stations . | . . . . . . . . . . . . . . . Recycling Units 4 | . 1 . . . . . . . . . . 3 . . Scanalyzers 15 | . . . . 12 . . . . 2 . 1 . . . Garrison Access 4 | . . . . . . . . . 4 . . . . . Terminal Hacks 27 | . . 1 . 6 4 1 8 . 2 3 . . 1 1 Record 2 | . . . . . . . . . . 2 . . . . Robot Analysis 1 | . . . . . . . . . . 1 . . . . Prototype ID Bank 5 | . . 1 . 1 . . 2 . 1 . . . . . Open Door 3 | . . . . . . 1 2 . . . . . . . Level Access Points 1 | . . . . . 1 . . . . . . . . . Branch Access Points 2 | . . . . . . . . . . . . . 1 1 Emergency Access Points 1 | . . . . 1 . . . . . . . . . . Alert Level 1 | . . . . 1 . . . . . . . . . . Unreport Threat 1 | . . . . . 1 . . . . . . . . . Locate Traps 1 | . . . . 1 . . . . . . . . . . Disarm Traps 1 | . . . . 1 . . . . . . . . . . Reprogram Traps 1 | . . . . 1 . . . . . . . . . . Security Status 1 | . . . . . . . 1 . . . . . . . Reinforcement Status 1 | . . . . . . . 1 . . . . . . . Recall Investigation 1 | . . . . . . . . . 1 . . . . . Zone Layout 4 | . . . . . 2 . 2 . . . . . . . Fabricator Hacks 6 | . . . . . 2 4 . . . . . . . . Network Status 1 | . . . . . . 1 . . . . . . . . Load Schematic 2 | . . . . . 1 1 . . . . . . . . Build 3 | . . . . . 1 2 . . . . . . . . Repair Station Hacks . | . . . . . . . . . . . . . . . Recycling Unit Hacks 2 | . 1 . . . . . . . . . . 1 . . Report Inventory 1 | . 1 . . . . . . . . . . . . . Retrieve Matter 1 | . . . . . . . . . . . . 1 . . Scanalyzer 13 | . . . . 12 . . . . 1 . . . . . Insert Component 7 | . . . . 6 . . . . 1 . . . . . Analyze 6 | . . . . 6 . . . . . . . . . . Garrison Access Hacks . | . . . . . . . . . . . . . . . Unauthorized Hacks . | . . . . . . . . . . . . . . . Terminals . | . . . . . . . . . . . . . . . Fabricators . | . . . . . . . . . . . . . . . Repair Stations . | . . . . . . . . . . . . . . . Recycling Units . | . . . . . . . . . . . . . . . Scanalyzers . | . . . . . . . . . . . . . . . Garrison Access . | . . . . . . . . . . . . . . . Data Cores Recovered . | . . . . . . . . . . . . . . . Used . | . . . . . . . . . . . . . . . Hacking Detections 24 | . . 1 . 2 4 3 4 . 4 2 1 1 1 1 Full Trace Events 2 | . . . . . . . 1 . 1 . . . . . Feedback Events . | . . . . . . . . . . . . . . . Feedback Blocked . | . . . . . . . . . . . . . . . Robot Schematics Acquired . | . . . . . . . . . . . . . . . Robots Built . | . . . . . . . . . . . . . . . Matter . | . . . . . . . . . . . . . . . Time . | . . . . . . . . . . . . . . . Total Robot Build Rating . | . . . . . . . . . . . . . . . Part Schematics Acquired 4 | . . . . 4 . . . . . . . . . . Parts Built 3 | . . . . . 1 2 . . . . . . . . Matter 460 | . . . . . 146 314 . . . . . . . . Time 151 | . . . . . 73 78 . . . . . . . . Total Part Build Rating 10 | . . . . . 3 7 . . . . . . . . Parts Repaired . | . . . . . . . . . . . . . . . Time . | . . . . . . . . . . . . . . . Parts Recycled . | . . . . . . . . . . . . . . . Recycled Matter . | . . . . . . . . . . . . . . . Retrieved Matter . | . . . . . . . . . . . . . . . Retrieved Components . | . . . . . . . . . . . . . . . Parts Scanalyzed 6 | . . . . 5 . . . . 1 . . . . . Part Schematics Acquired 4 | . . . . 4 . . . . . . . . . . Parts Damaged . | . . . . . . . . . . . . . . . Bothacking | -11 -10 -9 -9 -8 -7 -6 -6 -6 -5 -4 -3 -2 -2 -1 ------------ Run | Scr Mat Mat Min Mat Fac Fac Ext Cet Fac Fac Res Res Tes Acc Used RIF Installer . | . . . . . . . . . . . . . . . Robots Hacked 5 | . . . . . . . 2 . 2 1 . . . . Non-combat 3 | . . . . . . . . . 2 1 . . . . Combat 2 | . . . . . . . 2 . . . . . . . Robot Hacks Applied 7 | . . . . . . . 2 . 2 3 . . . . parse_system 3 | . . . . . . . 2 . . 1 . . . . no_distress 2 | . . . . . . . . . 1 1 . . . . find_chute 1 | . . . . . . . . . 1 . . . . . find_fabricator 1 | . . . . . . . . . . 1 . . . . Relay Couplers Released . | . . . . . . . . . . . . . . . Robots Rewired . | . . . . . . . . . . . . . . . Allies Hacked . | . . . . . . . . . . . . . . . Hacks Repelled . | . . . . . . . . . . . . . . . Allies | -11 -10 -9 -9 -8 -7 -6 -6 -6 -5 -4 -3 -2 -2 -1 -------- Run | Scr Mat Mat Min Mat Fac Fac Ext Cet Fac Fac Res Res Tes Acc Total Allies 4 | . . . . . . . 4 . . . . . . . Largest Group 4 | . . . . . . . 4 . . . . . . . Highest-Rated Group 107 | . . . . . . . 107 . . . . . . . Highest-Rated Ally 31 | . . . . . . . 31 . . . . . . . Total Orders 1 | . . . . . . . . . . . . . . 1 ROAM 1 | . . . . . . . . . . . . . . 1 Ally Attacks 19 | . . . . . . . 19 . . . . . . . Total Damage 431 | . . . . . . . 431 . . . . . . . Kills 3 | . . . . . . . 3 . . . . . . . Allies Corrupted . | . . . . . . . . . . . . . . . Allies Melted . | . . . . . . . . . . . . . . . Intel | -11 -10 -9 -9 -8 -7 -6 -6 -6 -5 -4 -3 -2 -2 -1 ------- Run | Scr Mat Mat Min Mat Fac Fac Ext Cet Fac Fac Res Res Tes Acc Robot Analysis Total 1 | . . . . . . . . . . 1 . . . . Derelict Logs Recovered 1 | . . . 1 . . . . . . . . . . . Drone Launches 2 | . . . . . . . . . . . . . . 2 Drone Recoveries . | . . . . . . . . . . . . . . . Exploration | -11 -10 -9 -9 -8 -7 -6 -6 -6 -5 -4 -3 -2 -2 -1 ------------- Run | Scr Mat Mat Min Mat Fac Fac Ext Cet Fac Fac Res Res Tes Acc Turns Passed 3312 | 54 182 227 211 320 414 462 123 14 100 163 232 163 95 552 Spaces Moved 5613 | 38 147 122 183 518 651 679 321 54 302 477 591 205 196 1129 Core 253 | 3 . . . . . . . . . . 1 1 3 245 Treads . | . . . . . . . . . . . . . . . Legs 5 | 5 . . . . . . . . . . . . . . Wheels 484 | 30 147 122 183 . . . . . . . . . . 2 Hover . | . . . . . . . . . . . . . . . Flight 4871 | . . . . 518 651 679 321 54 302 477 590 204 193 882 Fastest Speed 21 | 50 100 100 100 34 29 27 26 26 26 26 26 29 29 21 Average Speed 39 | 99 100 100 100 44 37 27 26 26 26 27 30 29 31 40 Slowest Speed 450 | 150 100 100 100 114 109 95 29 26 26 91 94 150 150 450 Overloaded Moves 257 | . . . . . . . . . . . . . 1 256 Propulsion Burnouts . | . . . . . . . . . . . . . . . Robots Hopped 66 | . . . . 9 5 1 1 . 5 4 14 4 . 23 Cave-ins Triggered . | . . . . . . . . . . . . . . . Exploration Rate (%) 25 | 3 28 15 37 47 27 22 59 23 12 14 24 7 27 40 Regions Visited 14 Branch Regions 4 Pre-discovered Areas . | . . . . . . . . . . . . . . . Known Exits Taken 9 | . . 1 1 1 1 1 1 1 1 1 . . . . Unknown Exits Taken 5 | 1 1 . . . . . . . . . 1 1 1 . Scrap Searched . | . . . . . . . . . . . . . . . Spaces Dug . | . . . . . . . . . . . . . . . Terrain Destroyed 66 | . . . . . 61 5 . . . . . . . . Melee . | . . . . . . . . . . . . . . . Projectile . | . . . . . . . . . . . . . . . AOE 66 | . . . . . 61 5 . . . . . . . . Actions | -11 -10 -9 -9 -8 -7 -6 -6 -6 -5 -4 -3 -2 -2 -1 --------- Run | Scr Mat Mat Min Mat Fac Fac Ext Cet Fac Fac Res Res Tes Acc Total 6500 | 51 165 187 202 574 803 950 354 53 315 505 627 301 228 1185 Wait 636 | 3 6 28 11 23 100 244 24 . 9 18 21 93 32 24 Move 5472 | 37 146 121 182 500 640 676 318 53 292 468 563 196 195 1085 Hop 61 | . . . . 8 5 1 1 . 4 4 13 4 . 21 Pick Up 36 | 2 3 5 . 4 4 5 1 . . . 2 4 . 6 Fast Attach 57 | 6 1 1 . 3 14 6 3 . 3 4 9 1 . 6 Attach 34 | 1 . 4 . 3 8 2 . . 1 1 6 . . 8 Detach 19 | 1 . 1 . 3 7 . . . 1 3 2 . . 1 Swap 21 | 1 . 1 2 4 2 7 1 . 2 1 . . . . Drop 47 | . 1 3 2 9 10 7 2 . 1 3 3 2 . 4 Fire 71 | . 8 22 5 16 13 2 . . . . . . . 5 Melee 9 | . . . . . . . 4 . 2 3 . . . . Ram 19 | . . 1 . 1 . . . . . . . 1 1 15 Kick . | . . . . . . . . . . . . . . . Crush . | . . . . . . . . . . . . . . . Escape Stasis 18 | . . . . . . . . . . . 8 . . 10 Rewire . | . . . . . . . . . . . . . . . Trap . | . . . . . . . . . . . . . . . Miscellaneous . | . . . . . . . . . . . . . . . Route ------- -11/Scrapyard -10/Materials -9/Materials -9/Mines -8/Materials -7/Factory (discovered 4 exits: *Fac x4) -6/Factory -6/Extension (discovered 2 exits: *Fac / *Cet) -6/Cetus -5/Factory -4/Factory -3/Research -2/Research -2/Testing -1/Access (discovered 1 exit: Com) History --------- Turn | Location | Event 30 | -11/Scrapyard | Discovered new exit (range 14) 55 | -11/Scrapyard | Entered Materials 220 | -10/Materials | Discovered new exit (range 11) 237 | -10/Materials | Entered another Materials area 237 | -9/Materials | Evolved 2 slots: Utility x2 317 | -9/Materials | Build established: Mutant 440 | -9/Materials | Discovered new exit (range 8) 463 | -9/Materials | Identified exit to Mines 464 | -9/Materials | Entered Mines 477 | -9/Mines | Met a Derelict bent on vengeance 480 | -9/Mines | Learned Materials non-interactive machine intel 665 | -9/Mines | Discovered new exit (range 8) 674 | -9/Mines | Identified exit to Materials 675 | -9/Mines | Entered Materials 675 | -8/Materials | Evolved 2 slots: Power x1, Propulsion x1 676 | -8/Materials | Loaded intel: 43 non-interactive machine locations 969 | -8/Materials | Build established: Scavenger-Mutant 981 | -8/Materials | Discovered new exit (range 15) 995 | -8/Materials | Identified exit to Factory 995 | -8/Materials | Entered Factory 995 | -7/Factory | Evolved 2 slots: Utility x2 1081 | -7/Factory | Fabricated Missile Launcher? 1131 | -7/Factory | Identified exit to Factory 1132 | -7/Factory | Lost 4 parts (2p2w) 1409 | -7/Factory | Entered another Factory area 1409 | -6/Factory | Evolved 2 slots: Propulsion x1, Utility x1 1457 | -6/Factory | Fabricated Imp. Sensor Array (x1) 1739 | -6/Factory | Fabricated Imp. Actuator Array? 1754 | -6/Factory | Build established: Hacker-Scout 1823 | -6/Factory | Spotted B-75 Beast 1869 | -6/Factory | Discovered new exit (range 6) 1870 | -6/Factory | Identified exit to Extension 1871 | -6/Factory | Entered Extension 1914 | -6/Extension | Rescued a captive Derelict 1916 | -6/Extension | Rescued a captive Derelict 1937 | -6/Extension | Rescued a captive Derelict 1939 | -6/Extension | Rescued a captive Derelict 1955 | -6/Extension | Spotted B-75 Beast 1959 | -6/Extension | Spotted B-75 Beast 1986 | -6/Extension | Discovered new exit (range 22) 1987 | -6/Extension | Discovered new exit (range 21) 1993 | -6/Extension | Identified exit to Factory 1994 | -6/Extension | Identified exit to Cetus 1994 | -6/Extension | Entered Cetus 1997 | -6/Cetus | Spotted Cetus Guard 1997 | -6/Cetus | Spotted Cetus Guard 1997 | -6/Cetus | Spotted Cetus Guard 1997 | -6/Cetus | Spotted Cetus Guard 2003 | -6/Cetus | Discovered exit to Factory (range 22) 2008 | -6/Cetus | Entered Factory 2008 | -5/Factory | Evolved 2 slots: Utility x2 2094 | -5/Factory | Discovered new exit (range 8) 2108 | -5/Factory | Identified exit to Factory 2108 | -5/Factory | Entered another Factory area 2108 | -4/Factory | Evolved 2 slots: Utility x2 2261 | -4/Factory | Discovered new exit (range 8) 2271 | -4/Factory | Identified exit to Research 2271 | -4/Factory | Entered Research 2271 | -3/Research | Evolved 2 slots: Utility x2 2417 | -3/Research | Core integrity fell below 50% 2446 | -3/Research | Lost 15 parts (5p4n5u1w) 2457 | -3/Research | Spotted B-86 Titan 2496 | -3/Research | Discovered new exit (range 19) 2503 | -3/Research | Entered another Research area 2503 | -2/Research | Evolved 2 slots: Power x1, Propulsion x1 2662 | -2/Research | Discovered new exit (range 2) 2666 | -2/Research | Entered Testing 2755 | -2/Testing | Discovered new exit (range 19) 2761 | -2/Testing | Entered Access 2761 | -1/Access | Evolved 2 slots: Power x1, Propulsion x1 2975 | -1/Access | Lost 3 parts (1p1n1u) 3002 | -1/Access | Identified exit to Command 3217 | -1/Access | Lost 10 parts (2p6n2u) 3267 | -1/Access | Core integrity fell below 50% 3273 | -1/Access | Energy Cycler disabled 3286 | -1/Access | Core integrity fell below 20% 3313 | -1/Access | Destroyed by G-73 Enforcer with Phase Gun Last Messages --------------- 03278_ Sealed Freight Elevator disabled. 03279_ Acquired Com. Wheel. 03282_ Exp. Coolant Injector destroyed. 03282_ Com. Wheel destroyed. 03283_ Drone sends a signal. 03285_ Enh. Optical Array destroyed. 03287_ Drone sends a signal. 03304_ Slammed into P-80 Master. 03306_ Slammed into G-73 Enforcer. 03307_ Destabilizing: Core damaged (-32). 03308_ Slammed into G-73 Enforcer. 03308_ Destabilizing: System interference. 03308_ Adv. Visual Processing Unit temporarily disabled. 03309_ Slammed into G-73 Enforcer. 03310_ Slug penetrates Wall. 03311_ Slammed into G-73 Enforcer. 03312_ Slammed into H-88 Terminator. 03313_ Destabilizing: System corrupted (+2). 03313_ Penetrated by Slug. 03313_ Slug penetrates H-88 Terminator. Map ----- +----------------------------------------------------+ | ???????????????????????????????????? | | ???????????????????????????????????? | | ???????????????????????????????????? | | ???????????????????????????????????? | | ????????########???????????????????? | | ????????# #???????????????????? | | ????????# #???????????????????? | | ????????# #???????????????????? | | ######### #???????????????????? | | # # #???????????????????? | | # !# ?????????????????????? | | # ###;###????????????????????? | | # # #????????????????????? | | # # ] #????????????????????? | | # + #????????????????????? | | # ] # #????????????????????? | | # # #????????????????????? | | # ### ###????????????????????? | | # #?# #######????????????????? | | # #?# # #????????????????? | | #####+###?# + * #????????????????? | | ????# #???# # ########?????????? | | ????# ##### # # #?????????? | | ????# ggh # #?????????? | | ????#######h# [ # ##????????? | | ??????????#@#####"" "#????????? | | ??????????#hg " "########## | | ??????????# " " | | ########### h " " | | # # ; " | | # # ; " | | # " # ; " | | # """ # ; " | | # """ # ; " | | # " # h # # """" " | | # # # # """""" | | # + Y ######## """""" | | # " # #??????# """""" | | # """ # ^ #??????# """""" | | # """ # ################## | | # " ! # #??????? | | # # #??????? | | # # #??????? | | # # #??????? | | # # #??????? | | ########### #??????? | | ??????????# ####### | | ??????????######## | | ?????????????????# | | ?????????????????# | +----------------------------------------------------+ Best States ------------- Heat Dissipation 52 Coolant Potential 220 Energy Generation 45 Energy Capacity 600 Matter Stores 300 Matter Capacity 300 Sight Range 22 Robot Scan Range 20 Terrain Scan Range 16 Terrain Scan Density 210 Power Amplification 20 Additional Mass Support 6 Resistance: KI 40 Resistance: TH 40 Resistance: EX 20 Resistance: EM 45 Resistance: I 20 Resistance: S 20 Resistance: P 20 Point Defense Rating 80 Evasion (%) 70 Stasis Canceling 1 Offensive Hacking 30 Item Schematics ----------------- Imp. Sensor Array | -8/Materials | Scanalyzed Missile Launcher | -8/Materials | Scanalyzed Lgt. Ion Engine | -8/Materials | Scanalyzed System Backup Module | -8/Materials | Scanalyzed Robot Schematics ------------------ None Fabricated ------------ Missile Launcher | x1 | -7/Factory Imp. Sensor Array | x1 | -6/Factory Imp. Actuator Array | x1 | -6/Factory | Preloaded Alien Tech Used ----------------- None Achievements -------------- Can't Catch Me Challenges ------------ None Game ------ Seed DerelictTrackerPit Manual? 0 Play Time 02:05:36 Cumulative 161.5 hours Start 2020.06.03 @ 14:19:09 End 2020.06.04 @ 03:40:45 Sessions 1 Manual Loads 0 Difficulty Adventurer Special Mode None Game No. 63 Rogue 25 Adventurer 38 Explorer 0 Win Type - Total 3 Types 3/0/0/0/0/0/0 Lore% 28 Gallery% 48 Achievement% 35 Wizard Run 0 Options --------- ASCII 0 Keyboard 0 Movement Mouse Keybinds 0 Fullscreen 2 Font 18/X11 Map View 76x50 Tactical HUD 1 Map Filters NONE Filters NONE Steam X RUN: 50cb6e45-b80f-48bb-88db-aaf7a28343d1